 Dungeon Crawl Stone Soup version 0.28-a0-1199-gef9e1dbd39 (webtiles) character file.

Game seed: 15642201433569439038

21 NNNNN the Caller (level 2, 0/19 HPs)
             Began as a Merfolk Summoner on Dec 19, 2021.
             Slain by a bat (1 damage)
             ... on level 1 of the Dungeon.
             The game lasted 00:05:09 (1101 turns).

NNNNN the Caller (Merfolk Summoner)                 Turns: 1101, Time: 00:05:10

Health: 0/19       AC:  2    Str:  8    XL:     2   Next: 87%
Magic:  4/5        EV: 13    Int: 14    God:
Gold:   44         SH:  0    Dex: 14    Spells: 2/5 levels left

rFire   . . .      SeeInvis .   (no weapon)
rCold   . . .      Faith    .   (no shield)
rNeg    . . .      Spirit   .   a - +0 robe
rPois   .          Reflect  .   (no helmet)
rElec   .          Harm     .   (no cloak)
rCorr   .          Rampage  .   (no gloves)
Will    .....                   (no boots)
Stlth   ++........              (no amulet)
HPRegen 0.06/turn               (no ring)
MPRegen 0.09/turn               (no ring)

@: no status effects
A: (nimble swimmer 2), mertail
a: no special abilities


You were on level 1 of the Dungeon.
You visited 1 branch of the dungeon, and saw 1 of its levels.

You collected 44 gold pieces.

Inventory:

Hand Weapons
 d - a +0 dagger
Armour
 a - a +0 robe (worn)
Scrolls
 b - 3 scrolls of vulnerability {unknown}
Potions
 c - a potion of haste {unknown}
 e - a potion of curing {unknown}


   Skills:
 + Level 3.2 Dodging
 + Level 2.7 Stealth
 + Level 2.2 Spellcasting
 + Level 4.2 Summonings


You had 2 spell levels left.
You knew the following spells:

 Your Spells              Type           Power      Damage    Failure   Level
a - Summon Small Mammal   Summ           52%        N/A       4%          1
b - Call Imp              Summ           13%        N/A       6%          2

Your spell library contained the following spells:

 Spells                   Type           Power      Damage    Failure   Level
 Call Canine Familiar     Summ           13%        N/A       12%         3
 Summon Guardian Golem    Hex/Summ       7%         N/A       28%         3
 Summon Lightning Spire   Summ/Air       7%         N/A       67%         4


Dungeon Overview and Level Annotations

Branches:
Dungeon (1/15)

Altars:


Innate Abilities, Weirdness & Mutations

((You are quick and stealthy near water. (Stealth+, EV+, Speed+++)))
Your lower body shifts to a powerful aquatic tail in water.


Message History

The bat closely misses you. The bat barely misses you. The hobgoblin hits you.
You closely miss the bat.
The bat is severely wounded.
The bat barely misses you. x2; The hobgoblin hits you.
You closely miss the bat.
The bat is severely wounded.
The bat hits you but does no damage. The bat barely misses you.
The hobgoblin barely misses you.
You closely miss the bat.
The bat is severely wounded.
The bat barely misses you.
Your bat hits the hobgoblin. The hobgoblin hits you.
Your bat disappears in a puff of smoke!
The bat misses you.
You barely miss the bat.
The bat is severely wounded.
The bat misses you. The hobgoblin hits you. The bat hits you.
The bat barely misses you. The bat hits you but does no damage.
The bat hits you but does no damage.
You see here a hobgoblin skeleton.
You hit the bat but do no damage.
The bat is moderately wounded.
The bat hits you but does no damage. The bat barely misses you.
The bat completely misses you. The hobgoblin closely misses you.
You closely miss the bat.
The bat is moderately wounded.
The bat closely misses you. The hobgoblin hits you.
* * * LOW HITPOINT WARNING * * *
The bat hits you.
* * * LOW HITPOINT WARNING * * *
The bat misses you.
You closely miss the bat.
The bat is moderately wounded.
The bat hits you but does no damage. The bat barely misses you.
The hobgoblin barely misses you.
You barely miss the bat.
The bat is moderately wounded.
The bat hits you.
You die...

###############
######.............#
.....#.###########.#
.....#)# ###.#
.......# #@b.#
.....### #g###
###### #b# #.# #.#
######### #.#
........########.#
.......5rb.g..b#.#
........######.#.#


You could see a hobgoblin and 2 bats.

Vanquished Creatures
  A ball python (D:1)
  A hobgoblin (D:1)
2 creatures vanquished.

Vanquished Creatures (collateral kills)
  A dart slug (D:1)
  A ball python (D:1)
  2 endoplasms (D:1)
  2 giant cockroaches (D:1)
  A goblin (D:1)
  A kobold (D:1)
  A quokka (D:1)
  3 bats (D:1)
  3 rats (D:1)
15 creatures vanquished.

Grand Total: 17 creatures vanquished

Notes
Turn   | Place    | Note
-------+----------+-------------------------------------------
     0 | D:1      | NNNNN the Merfolk Summoner began the quest for the Orb.
     0 | D:1      | Reached XP level 1. HP: 13/13 MP: 3/3
   349 | D:1      | Reached XP level 2. HP: 17/19 MP: 1/5
   431 | D:1      | Learned a level 2 spell: Call Imp
  1101 | D:1      | Slain by a bat

Illustrated notes

Levels and vault maps discovered:
D:1:      scummos_arrival_star, layout_basic, minmay_indecisive_spiral

Skill      XL: |  1  2 |
---------------+-------+-----
Dodging        | 3 |  3.2
Stealth        | |  2.7
Spellcasting   | |  2.2
Summonings     | |  4.2

Action                   || total
-------------------------++-------
Melee: Unarmed           ||    66
 Cast: Summon Small Mamm ||    18
       Call Imp          ||     7
Armor: Robe              ||    32
Dodge: Dodged            ||   102

Table legend: (Time is in decaauts)
 A = Elapsed time spent in this place.
 B = Non-inter-level travel time spent in this place.
 C = Inter-level travel time spent in this place.
 D = Time resting spent in this place.
 E = Time spent auto-exploring this place.
 F = Levels seen in this place.
 G = Mean time per level.
                   A        B        C        D        E       F      G
               +--------+--------+--------+--------+--------+-----+--------+
         Total |   1101 |   1101 |      0 |    245 |    577 |   1 | 1101.0 |
       Dungeon |   1101 |   1101 |      0 |    245 |    577 |   1 | 1101.0 |
               +--------+--------+--------+--------+--------+-----+--------+

Top non-repeatable levels by time:
     D:1: 1101 daAuts
